Map: Waterfall

Players

Kibbler - Winner!

  • Race: Terran Terran
  • League: Diamond
  • Spawn Location: 7:00

Overmind

  • Race: Zerg Zerg
  • League: Diamond
  • Spawn Location: 1:00

VOD

Have the link to the VOD?

Description

Tvz drops mid game

Time

  • Played on: Nov. 29, 2022, 12:41 p.m.
  • Length: 15:18
Show
View Real Time Build Order
Export as new Build Order

Kibbler Terran - Winner!

Build Orders: Reaper Expand 

Get SALT Encoding   

  12  0:01  SCV  
  13  0:13  SCV  
  14  0:17  Supply Depot  
  14  0:27  SCV  
  15  0:40  Barracks  
  15  0:43  Refinery  
  15  0:44  SCV  
  16  0:56  SCV  
  17  1:08  SCV  
  18  1:21  SCV  
  19  1:27  Reaper  
  20  1:34  Orbital Command  
  20  1:50  Command Center  
  20  1:58  Barracks  
  20  2:02  SCV  
  21  2:14  Supply Depot  
  21  2:16  Barracks Reactor  
  21  2:17  SCV  
  22  2:25  Factory  
  22  2:32  SCV  
  23  2:52  SCV  
  24  3:01  Command Center  
  24  3:11  Marine x2  
  24  3:12  Refinery  
  26  3:16  SCV  
  27  3:25  Starport  
  27  3:31  Factory Reactor  
  27  3:32  Barracks Tech Lab  
  27  3:34  SCV  
  29  3:45  Orbital Command  
  29  3:46  Marine x2  
  29  3:57  Supply Depot, Marine  
  30  4:06  SCV  
  31  4:15  Orbital Command  
  31  4:17  Marine x3  
  31  4:18  SCV  
  31  4:20  SCV  
  36  4:25  Stimpack  
  36  4:30  SCV  
  37  4:31  Factory Tech Lab  
  37  4:33  SCV  
  37  4:35  Marine x2  
  37  4:37  Medivac  
  42  4:38  Marine  
  42  4:41  SCV  
  42  4:43  SCV  
  45  4:48  Medivac  
  45  4:52  SCV  
  48  4:53  Marine  
  48  4:55  Supply Depot  
  48  4:56  Marine x2  
  51  5:00  Engineering Bay  
  51  5:03  SCV x2  
  53  5:10  Marine  
  53  5:12  Barracks  
  54  5:15  Barracks  
  54  5:28  Marine x3  
  54  5:30  Medivac  
  54  5:31  Siege Tank  
  54  5:32  SCV x2  
  64  5:38  Supply Depot  
  64  5:42  SCV  
  65  5:44  SCV  
  65  5:45  Refinery  
  66  5:53  Marine x3  
  66  5:54  SCV  
  70  5:58  Refinery  
  70  6:01  Terran Infantry Weapons Level 1  
  70  6:03  Orbital Command  
  70  6:05  Combat Shield, Barracks Reactor  
  70  6:08  SCV  
  71  6:12  SCV  
  71  6:13  Marine  
  73  6:19  Supply Depot  
  73  6:20  SCV  
  74  6:34  Marine x4  
  76  6:41  Siege Tank  
  76  6:45  Marine x2  
  81  6:48  SCV x3  
  81  6:51  Marine x2  
  81  6:52  Marine x2  
  88  7:00  SCV x2  
  90  7:02  Marine  
  90  7:03  Marine  
  92  7:08  SCV  
  92  7:10  Barracks  
  92  7:15  Factory, Supply Depot  
  93  7:21  Supply Depot  
  93  7:33  Armory  
  93  7:36  Liberator x2  
  93  7:37  SCV x2  
  93  7:42  SCV, Marine x6  
  108  7:46  Supply Depot  
  108  7:49  SCV  
  109  8:07  SCV, Marine x4, Widow Mine  
  109  8:09  Supply Depot, Refinery  
  109  8:11  Refinery  
  109  8:12  Missile Turret  
  117  8:15  Command Center  
  117  8:17  Barracks Tech Lab, SCV  
  117  8:19  Barracks Reactor  
  117  8:20  Drilling Claws, Factory Reactor  
  117  8:23  Terran Vehicle Weapons Level 1, Terran Infantry Armor Level 1  
  117  8:26  Engineering Bay  
  117  8:30  SCV, Marine x3, Widow Mine  
  117  8:31  Supply Depot  
  123  8:46  Marauder  
  125  8:53  Marauder, Marine x2  
  125  8:54  Concussive Shells, Supply Depot, Barracks  
  125  8:55  Terran Infantry Weapons Level 2  
  129  9:00  Medivac x2, Barracks  
  133  9:16  Marauder, Widow Mine  
  137  9:25  Marine  
  137  9:26  Marine x5  
  123  9:34  Marine  
  123  9:37  Marine  
  123  9:38  Widow Mine  
  106  9:41  Widow Mine x2  
  106  9:43  Barracks Tech Lab, Marine  
  106  9:44  Marine x5  
  115  9:52  Marine  
  109  9:55  Marine  
  109  9:59  Siege Tank  
  107  10:01  Marine x4  
  107  10:02  Widow Mine x2  
  112  10:10  Marauder, Marine  
  112  10:11  Marine  
  112  10:13  Marauder  
  115  10:14  Barracks Tech Lab  
  115  10:17  Supply Depot, Liberator x2  
  115  10:19  Supply Depot, Marine x4  
  125  10:28  Marine  
  125  10:29  Marine  
  125  10:31  Widow Mine  
  125  10:32  Marauder  
  125  10:35  Marauder  
  133  10:37  Marauder x2, Marine x3  
  133  10:38  Marine  
  141  10:46  Marine x2  
  140  10:52  Marine, Widow Mine  
  140  10:54  Marine  
  140  10:55  Marine x4  
  142  10:59  Marauder x2  
  145  11:07  SCV  
  145  11:08  SCV x2  
  148  11:19  SCV  
  148  11:25  SCV x2  
  151  11:29  Refinery  
  151  11:30  Missile Turret, Refinery  
  151  11:32  SCV, Supply Depot x2  
  152  11:33  Sensor Tower  
  152  11:34  Starport, Supply Depot  
  152  11:35  Terran Infantry Weapons Level 3  
  152  11:36  Starport  
  152  11:37  SCV x2, Supply Depot  
  154  11:44  SCV  
  155  11:49  Marauder x2, SCV, Marine x4  
  137  12:20  Marauder x3, Marine x7  
  140  12:38  Marine x7  
  140  12:39  Siege Tank  
  140  12:41  Marauder x2, Planetary Fortress, Marine  
  140  12:43  Supply Depot x2  
  155  12:46  Medivac x2  
  155  12:47  Terran Vehicle Weapons Level 2  
  156  12:55  Marine  
  156  12:56  Marine x5  
  156  12:57  Marauder  
  161  12:59  Marauder  
  161  13:02  Marine  
  161  13:03  Marauder  
  157  13:11  Siege Tank  
  155  13:13  Marine  
  155  13:14  Marine x5  
  155  13:18  Marauder  
  163  13:20  Marauder  
  163  13:21  Marauder, Supply Depot  
  163  13:24  Marauder  
  163  13:27  Medivac x2  
  163  13:30  Starport Reactor  
  163  13:31  Starport Reactor, Marine  
  164  13:34  Armory  
  164  13:36  Widow Mine  
  164  13:37  Widow Mine  
  164  13:39  Marauder  
  165  13:42  Marauder x2  
  165  13:46  Marauder  
  168  13:51  Marine  
  168  13:52  Marine x5  
  174  14:01  Marauder  
  176  14:03  Marauder x2  
  176  14:07  Marauder  
  176  14:09  Marine, Ghost Academy  
  175  14:10  Marine x5  
  175  14:12  Command Center  
  180  14:22  Marine  
  177  14:24  Marine x2  
  177  14:27  Marine x5  
  184  14:45  Medivac x2  
  184  14:46  Medivac x2  
  188  14:59  Marine  
  177  15:00  Marine x2  
Show
View Real Time Build Order
Export as new Build Order

Overmind Zerg 

Build Orders: Hatch First 

Get SALT Encoding   

  12  0:00  Drone  
  13  0:12  Overlord  
  13  0:17  Drone  
  14  0:30  Drone x2  
  16  0:51  Hatchery  
  16  0:55  Drone  
  16  0:58  Drone  
  16  1:00  Drone  
  18  1:12  Extractor  
  18  1:17  Spawning Pool  
  16  1:21  Drone  
  16  1:25  Drone  
  18  1:29  Drone  
  19  1:41  Drone  
  20  1:54  Drone  
  21  2:04  Zergling x2  
  21  2:05  Queen x2, Zergling x2  
  27  2:15  Overlord  
  27  2:16  Metabolic Boost  
  27  2:30  Hatchery  
  25  2:59  Drone x6  
  25  3:00  Queen  
  25  3:05  Pneumatized Carapace  
  33  3:13  Zergling x4  
  35  3:21  Zergling x2  
  36  3:42  Overlord x3  
  36  3:44  Queen x2  
  40  3:50  Drone x2  
  40  3:51  Overlord  
  42  4:05  Drone x6  
  48  4:20  Drone  
  48  4:21  Drone x6  
  55  4:25  Queen  
  57  4:31  Lair  
  57  4:33  Extractor  
  57  4:34  Extractor  
  57  4:37  Extractor  
  54  4:41  Baneling Nest  
  53  4:55  Overlord x4  
  53  4:58  Drone x2  
  55  5:01  Queen, Drone  
  58  5:25  Zergling x2  
  58  5:26  Zergling x20, Evolution Chamber x2  
  58  5:28  Baneling x3  
  67  5:43  Spore Crawler  
  67  5:44  Spore Crawler  
  67  5:46  Baneling x7  
  67  5:47  Centrifugal Hooks  
  65  5:54  Drone  
  65  5:55  Drone x3  
  69  5:57  Overseer  
  69  5:59  Overseer  
  69  6:03  Spore Crawler  
  69  6:04  Drone  
  61  6:33  Drone  
  61  6:34  Drone x9  
  71  6:52  Zergling x4  
  71  6:53  Zergling x20  
  82  6:59  Overlord x2  
  81  7:04  Zerg Melee Weapons Level 1  
  81  7:22  Zergling x4  
  83  7:34  Zergling x10  
  88  7:48  Hatchery  
  88  7:50  Drone x12  
  99  7:55  Baneling  
  99  7:56  Baneling x7  
  98  8:18  Hatchery  
  97  8:22  Hatchery  
  96  8:28  Zergling x2  
  96  8:29  Zergling x18  
  106  8:57  Zergling x2  
  106  8:58  Zergling x12  
  113  9:16  Extractor  
  113  9:22  Extractor  
  79  9:33  Zergling x10  
  79  9:34  Zergling x14  
  78  9:49  Zergling x10  
  82  10:05  Queen, Zergling x2  
  83  10:10  Drone x7  
  83  10:11  Queen  
  83  10:18  Zergling x8  
  83  10:19  Baneling x3  
  83  10:20  Baneling x7  
  87  10:36  Zergling x8  
  87  10:39  Hatchery  
  87  10:40  Zergling x12  
  94  10:54  Zergling x20  
  94  11:04  Baneling  
  94  11:05  Baneling x14  
  94  11:14  Baneling x10  
  94  11:15  Zergling x6  
  97  11:21  Zerg Melee Weapons Level 2  
  97  11:22  Zerg Ground Armor Level 1  
  97  11:24  Baneling x10  
  97  11:25  Zergling x26  
  106  11:32  Infestation Pit  
  109  11:35  Overlord x3  
  109  11:36  Overlord  
  109  11:37  Overseer x3  
  109  11:45  Zergling x2  
  109  11:46  Zergling x2  
  109  11:57  Zergling x2  
  109  11:58  Zergling x26  
  111  12:12  Zergling x14  
  104  12:19  Zergling x2  
  104  12:20  Zergling x10  
  104  12:22  Baneling x9  
  96  12:23  Zergling x2, Baneling  
  89  12:32  Baneling x3  
  89  12:33  Drone x3  
  70  12:45  Drone x5  
  70  12:49  Queen x2  
  75  12:57  Drone x4  
  79  13:03  Drone x3  
  67  13:06  Queen  
  67  13:07  Queen  
  67  13:13  Zergling x12  
  71  13:29  Hatchery  
  71  13:30  Zergling x10  
  71  13:31  Zergling x6  
  78  13:38  Zergling x6  
  78  13:44  Zergling x2  
  78  13:45  Zergling x2  
  76  13:52  Baneling x15  
  76  13:53  Baneling x5  
  76  13:55  Zergling x2  
  76  13:56  Zergling x10  
  69  14:10  Zergling x12  
  62  14:25  Drone x8  
  62  14:26  Drone x5  
  62  14:28  Drone x3  
  78  14:39  Spore Crawler  
  66  15:01  Zergling x2  
Tags
 
Add a new tag
Caveats
  • Supply blocks, unpowered buildings, or Contaminate may cause inaccurate times.
  • Supply counts are checked every 10 seconds.